 Dungeon Sprint DCSS version 0.29-a0-870-g2c972031a6 (webtiles) character file.

Game seed: 14648511598710537113

2361 mhtbhm the Basher (level 9, 0/63 HPs)
             Began as a Gargoyle Fighter on July 17, 2022.
             Was an Elder of Okawaru.
             Slain by a flayed ghost (4 damage)
             ... in the Dungeon (Sprint VII: "The Pits").
             The game lasted 00:03:53 (1382 turns).

mhtbhm the Basher (Gargoyle Fighter)                Turns: 1382, Time: 00:03:53

Health: 0/63       AC: 21    Str: 23    XL:     9   Next: 44%
Magic:  14/14      EV:  9    Int: 10    God:    Okawaru [****..]
Gold:   0          SH:  5    Dex:  9    Spells: 8/8 levels left

rFire   + . .      SeeInvis .   a - +0 morningstar (drain)
rCold   . . .      Faith    .   c - +0 buckler
rNeg    + . .      Spirit   .   b - +3 chain mail {rF+}
rPois   ∞          Reflect  .   (no helmet)
rElec   +          Harm     .   (no cloak)
rCorr   .          Rampage  .   (no gloves)
Will    .....      NoTele   +   (no boots)
Stlth   ..........              (no amulet)
HPRegen 0.20/turn               (no ring)
MPRegen 0.14/turn               (no ring)

@: no status effects
A: sickness immunity, AC +6, negative energy resistance 1, electricity
resistance, torment resistance 1, petrification resistance
a: Renounce Religion, Heroism, Finesse


You were in the Dungeon.
You worshipped Okawaru.
Okawaru was greatly pleased with you.
You visited 1 branch

Inventory:

Hand Weapons
 a - a +0 morningstar of draining (weapon)
 o - a +2 whip of holy wrath
Missiles
 e - 2 poisoned darts (quivered)
Armour
 b - a +3 chain mail of fire resistance (worn)
 c - a +0 buckler (worn)
Scrolls
 j - a scroll of blinking
 l - 5 scrolls of amnesia
 m - a scroll of summoning
Potions
 d - a potion of might
 f - a potion of heal wounds
 g - a potion of haste
 h - 4 potions of magic
 i - 2 potions of berserk rage
 k - 2 potions of invisibility
 n - 4 potions of curing


   Skills:
 + Level 10.6 Fighting
 + Level 12.1 Maces & Flails
 + Level 11.7 Armour
 + Level 2.5 Dodging
 + Level 9.0 Shields
 * Level 7.7 Invocations


You had 8 spell levels left.
You didn't know any spells.
Your spell library was empty.

Dungeon Overview and Level Annotations

Branches:
Dungeon (1/1)

Altars:
Ashenzari
Cheibriados
Dithmenos
Elyvilon
Fedhas
Gozag
Hepliaklqana
Kikubaaqudgha
Makhleb
Nemelex Xobeh
Okawaru
Qazlal
Ru
Sif Muna
Trog
Uskayaw
Vehumet
Wu Jian
Xom
Yredelemnul
Zin
The Shining One
Jiyva
Lugonu


Innate Abilities, Weirdness & Mutations

You are immune to sickness and miasma.
Your stone body is resilient. (AC +6)
You are immune to poison.
You resist negative energy. (rN+)
You are resistant to electric shocks. (rElec)
You are resistant to unholy torment.
You are immune to petrification.


Message History

The iron imp disappears in a puff of smoke!
The ufetubus disappears in a puff of smoke!
The smoke demon disappears in a puff of smoke!
You block the flayed ghost's attack.
Your Maces & Flails skill increases to level 12!
Your Shields skill increases to level 9!
Unknown command.
The flayed ghost attacks as you move away!
The flayed ghost misses you.
Things that are here:
a +0 dagger; a +0 robe You sock the flayed ghost!
The flayed ghost is lightly damaged.
The flayed ghost hits you.
You hit the flayed ghost.
The flayed ghost is moderately damaged.
You puncture the flayed ghost!
The flayed ghost is heavily damaged.
The flayed ghost hits you!!
You puncture the flayed ghost!
The flayed ghost is heavily damaged.
The flayed ghost hits you!
You miss the flayed ghost.
The flayed ghost is heavily damaged.
The flayed ghost hits you but does no damage.
You puncture the flayed ghost!
The flayed ghost is severely damaged.
The flayed ghost hits you but does no damage.
You miss the flayed ghost.
The flayed ghost is severely damaged.
The flayed ghost hits you!
You closely miss the flayed ghost.
The flayed ghost is severely damaged.
The flayed ghost hits you!
* * * LOW HITPOINT WARNING * * *
Unknown command.
You closely miss the flayed ghost.
The flayed ghost is severely damaged.
The flayed ghost hits you.
You die...

####......#..#......#
..##................#
..#####'#####''######
'###.......##)'#####
..##.......##......#
..##.......##....###
####...<...##...##.+
..##.......##..##..#
..##.......##..#@.#
####.......##..#W.#
..###########..'..+
.###### #..#..#
)#....# #..#..#
)#....# #..##..#
.'....+ #..)##.+
'#....# #...)###
.#....# #......#


You could see a flayed ghost.

Vanquished Creatures
  A lindwurm (D)
  A deep elf pyromancer (D)
  A cane toad (D)
  A kobold demonologist (D)
  A hellwing (D)
  A flying skull (D)
  A floating eye (D)
  A centaur (D)
  A kobold brigand (D)
  A bullfrog (D)
  A scorpion (D)
  A gnoll sergeant (D)
  A crimson imp (D)
  6 gnolls (D)
  An ufetubus (D)
  2 worms (D)
  11 orcs (D)
  A goblin (D)
  A quokka (D)
  A ball python (D)
  A bat (D)
  A frilled lizard (D)
  A kobold (D)
39 creatures vanquished.

Notes
Turn   | Place    | Note
-------+----------+-------------------------------------------
     0 | D        | mhtbhm the Gargoyle Fighter began the quest for the Orb.
     0 | D        | Reached XP level 1. HP: 14/14 MP: 1/1
   178 | D        | Found a bloodstained altar of Trog.
   178 | D        | Found a shimmering blue altar of Sif Muna.
   178 | D        | Found a viscous altar of Jiyva.
   178 | D        | Found a hazy altar of Hepliaklqana.
   178 | D        | Found an opulent altar of Gozag.
   179 | D        | Found a glowing golden altar of the Shining One.
   179 | D        | Found a glowing silver altar of Zin.
   179 | D        | Found a basalt altar of Yredelemnul.
   179 | D        | Found a shimmering altar of Xom.
   179 | D        | Found an ornate altar of the Wu Jian Council.
   179 | D        | Found a sacrificial altar of Ru.
   179 | D        | Found a stormy altar of Qazlal.
   179 | D        | Found an iron altar of Okawaru.
   179 | D        | Found a sparkling altar of Nemelex Xobeh.
   179 | D        | Found a burning altar of Makhleb.
   179 | D        | Found a blossoming altar of Fedhas.
   179 | D        | Found a white marble altar of Elyvilon.
   179 | D        | Found a shadowy altar of Dithmenos.
   179 | D        | Found a snail-covered altar of Cheibriados.
   181 | D        | Found a radiant altar of Vehumet.
   181 | D        | Found a corrupted altar of Lugonu.
   232 | D        | Found an ancient bone altar of Kikubaaqudgha.
   232 | D        | Found a hide-covered altar of Uskayaw.
   232 | D        | Found a broken altar of Ashenzari.
   238 | D        | Became a worshipper of Warmaster Okawaru
   359 | D        | Reached XP level 2. HP: 20/20 MP: 2/2
   364 | D        | Noticed a kobold brigand
   364 | D        | Noticed a floating eye
   367 | D        | Noticed a scorpion
   382 | D        | Killed a kobold brigand
   383 | D        | Reached skill level 5 in Fighting
   383 | D        | Reached skill level 4 in Maces & Flails
   383 | D        | Reached skill level 5 in Shields
   383 | D        | Reached XP level 3. HP: 15/26 MP: 3/3
   383 | D        | Reached XP level 4. HP: 17/31 MP: 4/4
   389 | D        | Killed a floating eye
   389 | D        | Reached * piety under Okawaru
   390 | D        | Reached skill level 5 in Maces & Flails
   390 | D        | Reached XP level 5. HP: 22/37 MP: 5/5
   396 | D        | Reached skill level 6 in Maces & Flails
   396 | D        | Reached XP level 6. HP: 8/44 MP: 6/6
   740 | D        | Reached skill level 7 in Maces & Flails
   755 | D        | HP: 2/44 [gnoll sergeant/+0 vorpal trident (2)]
   771 | D        | Reached ** piety under Okawaru
   782 | D        | Reached XP level 7. HP: 26/50 MP: 7/7
  1020 | D        | Noticed a lindwurm
  1029 | D        | Killed a lindwurm
  1030 | D        | Reached skill level 9 in Maces & Flails
  1030 | D        | Reached skill level 10 in Armour
  1030 | D        | Reached XP level 8. HP: 45/56 MP: 7/11
  1083 | D        | Noticed a cane toad
  1083 | D        | Noticed a hellwing
  1093 | D        | Killed a cane toad
  1093 | D        | Reached *** piety under Okawaru
  1094 | D        | Reached skill level 10 in Maces & Flails
  1094 | D        | Reached skill level 1 in Dodging
  1094 | D        | Reached skill level 5 in Invocations
  1146 | D        | HP: 2/56 [hellwing (6)]
  1150 | D        | Killed a hellwing
  1151 | D        | Reached skill level 11 in Maces & Flails
  1288 | D        | Noticed a flying skull
  1293 | D        | Killed a flying skull
  1294 | D        | Reached skill level 10 in Fighting
  1296 | D        | Reached XP level 9. HP: 54/62 MP: 13/13
  1343 | D        | Noticed a deep elf pyromancer
  1351 | D        | Killed a deep elf pyromancer
  1351 | D        | Reached **** piety under Okawaru
  1361 | D        | Noticed a kobold demonologist
  1361 | D        | Noticed a flayed ghost
  1368 | D        | Noticed a red devil
  1372 | D        | Noticed a smoke demon
  1372 | D        | Killed a kobold demonologist
  1373 | D        | Reached skill level 12 in Maces & Flails
  1382 | D        | Slain by a flayed ghost

Illustrated notes

Levels and vault maps discovered:
D:        pitsprint [storerooms_1, entrance_room_1, metal_vault_6, armoury_1,
          mini_pit_1, grid_room_1, main_hall_1, silver_pit, the_coven_3,
          the_vestibule_1, steel_vault_4, golden_pit, hallway_of_sentries,
          crystal_vault_5, iron_vault_3, final_vault]

Skill      XL: |  1  2  3  4  5  6  7  8  9 |
---------------+----------------------------+-----
Armour         | 4 6 7 8 9 10 11 | 11.7
Fighting       | 5 6 7 8 9 10 | 10.6
Maces & Flails | 4 5 6 7 9 11 12 | 12.1
Shields        | 5 6 7 8 9 |  9.0
Invocations    | 4 6 7 |  7.7
Dodging        | 1 2 |  2.5

Action                   |  1- 3 |  4- 6 |  7- 9 || total
-------------------------+-------+-------+-------++-------
Melee: Mace              |    29 |    62 |     4 ||    95
       Flail             |     4 |       |       ||     4
       Morningstar       |       |       |    80 ||    80
       Whip              |       |       |    33 ||    33
Invok: Heroism           |       |       |     1 ||     1
  Use: Potion            |     3 |     2 |     3 ||     8
Armor: Scale mail        |     8 |     6 |       ||    14
       Chain mail        |       |    35 |    78 ||   113
Dodge: Dodged            |    11 |    15 |    33 ||    59
Block: Buckler           |    11 |    15 |    31 ||    57

Table legend: (Time is in decaauts)
 A = Elapsed time spent in this place.
 B = Non-inter-level travel time spent in this place.
 C = Inter-level travel time spent in this place.
 D = Time resting spent in this place.
 E = Time spent auto-exploring this place.
 F = Levels seen in this place.
 G = Mean time per level.
                   A        B        C        D        E       F      G
               +--------+--------+--------+--------+--------+-----+--------+
         Total |   1388 |   1388 |      0 |    823 |      0 |   1 | 1388.0 |
       Dungeon |   1388 |   1388 |      0 |    823 |      0 |   1 | 1388.0 |
               +--------+--------+--------+--------+--------+-----+--------+

Top non-repeatable levels by time:
       D: 1388 daAuts
